Map: 冰雪合金-天梯版

Players

TIME (Oliveira) - Winner!

  • Race: Terran Terran

Cyan

  • Race: Protoss Protoss

Event: DreamHack SC2 Masters 2020 Summer China

VOD

Have the link to the VOD?

Description

Time

  • Played on: July 5, 2020, 9:51 a.m.
  • Length: 14:13

All games in this series

Show
View Real Time Build Order
Export as new Build Order

TIME Terran - Winner!

Build Orders: Liberator Opening 

Get SALT Encoding   

  12  0:01  SCV  
  13  0:13  SCV  
  14  0:19  Supply Depot  
  14  0:25  SCV  
  15  0:40  SCV, Barracks  
  16  0:46  Refinery  
  16  0:52  SCV  
  17  0:57  Refinery  
  17  1:04  SCV  
  18  1:16  SCV  
  19  1:27  Reaper  
  19  1:29  Orbital Command  
  20  1:39  Supply Depot  
  20  1:46  Factory  
  20  1:54  SCV  
  20  1:59  Reaper  
  22  2:07  SCV  
  23  2:19  SCV  
  24  2:29  Factory Reactor  
  24  2:31  Starport  
  24  2:32  SCV  
  24  2:34  Reaper  
  24  2:35  Supply Depot  
  26  2:44  SCV  
  27  2:56  SCV  
  28  3:07  Hellion x2  
  28  3:11  Medivac, Command Center  
  34  3:15  SCV  
  35  3:21  Supply Depot  
  35  3:28  Hellion  
  35  3:31  Hellion  
  39  3:43  SCV, Barracks  
  40  3:50  Liberator  
  40  3:54  Widow Mine  
  45  3:57  Widow Mine  
  47  4:05  Bunker  
  47  4:23  SCV  
  48  4:29  Orbital Command  
  46  4:33  Factory Tech Lab  
  46  4:34  Marine x2  
  46  4:35  SCV, Barracks Tech Lab  
  49  4:47  SCV  
  49  4:51  Cyclone  
  49  4:52  Marine x2  
  51  4:55  Stimpack, Marine  
  51  4:58  SCV  
  51  4:59  Supply Depot  
  55  5:03  SCV  
  56  5:10  SCV, Marine  
  58  5:15  SCV  
  58  5:17  Starport Reactor  
  58  5:18  Command Center  
  58  5:19  Marine  
  60  5:22  SCV  
  60  5:26  Supply Depot  
  60  5:27  SCV  
  62  5:33  Marine, Siege Tank  
  63  5:36  SCV  
  63  5:41  SCV, Marine  
  63  5:42  Marine, Barracks  
  66  5:46  Engineering Bay  
  66  5:48  SCV  
  68  5:50  Marine  
  68  5:53  SCV  
  68  6:00  SCV  
  65  6:05  SCV, Engineering Bay, Siege Tank  
  65  6:09  Starport Reactor  
  69  6:11  Refinery  
  69  6:12  SCV, Terran Infantry Weapons Level 1, Marine  
  69  6:17  SCV  
  72  6:18  Marine  
  72  6:19  Marine  
  72  6:24  SCV, Refinery  
  73  6:30  Orbital Command  
  73  6:31  Barracks  
  71  6:33  SCV  
  71  6:34  Barracks  
  71  6:35  Marine, Terran Infantry Armor Level 1  
  71  6:39  Combat Shield  
  73  6:41  SCV  
  73  6:43  Siege Tank  
  77  6:47  SCV  
  77  6:48  Marine  
  77  6:49  Marine  
  80  6:54  SCV  
  80  6:57  Supply Depot, Medivac  
  80  6:58  Medivac  
  88  7:02  Orbital Command  
  88  7:04  SCV, Marauder  
  88  7:07  SCV  
  91  7:11  Marine  
  92  7:15  Supply Depot  
  92  7:16  Supply Depot  
  92  7:18  SCV  
  92  7:19  SCV, Armory  
  92  7:24  Supply Depot  
  92  7:27  Barracks Reactor, Widow Mine x2, Barracks Tech Lab  
  92  7:28  SCV  
  97  7:30  SCV  
  97  7:32  Marine  
  99  7:38  SCV  
  99  7:39  Missile Turret  
  99  7:40  SCV  
  99  7:41  Missile Turret  
  99  7:43  SCV  
  102  7:47  Marauder x3  
  102  7:49  Supply Depot, Marine  
  109  7:52  SCV x2  
  109  7:56  Widow Mine x2  
  109  7:57  Concussive Shells  
  109  7:58  Marine  
  116  8:02  SCV  
  116  8:04  SCV, Marine x2  
  116  8:05  Supply Depot  
  120  8:06  SCV  
  120  8:09  Medivac  
  120  8:10  Medivac  
  125  8:14  SCV, Terran Infantry Weapons Level 2  
  125  8:15  Marine  
  125  8:18  Marauder  
  125  8:19  Marauder  
  131  8:20  SCV  
  131  8:23  SCV  
  133  8:27  Refinery, Marine  
  133  8:28  Supply Depot  
  133  8:29  Widow Mine  
  133  8:30  Widow Mine  
  133  8:33  Refinery  
  137  8:34  Bunker  
  137  8:37  Supply Depot, Terran Infantry Armor Level 2  
  136  8:43  Missile Turret, Marine x2  
  136  8:45  Missile Turret, Marauder, Marine  
  141  8:49  Marine  
  141  8:52  Marauder  
  141  8:53  Supply Depot  
  142  9:07  Medivac  
  142  9:08  Marine  
  138  9:12  Marine x2  
  138  9:13  Marauder  
  141  9:19  SCV x2, Ghost Academy  
  141  9:21  SCV  
  141  9:22  Command Center  
  141  9:23  Marine x2, Sensor Tower  
  146  9:25  Medivac, Widow Mine x2  
  146  9:29  Marine  
  151  9:32  Marine  
  151  9:33  Marauder, Marine  
  151  9:37  Marine  
  154  9:41  Marine  
  154  9:42  Marauder  
  155  9:46  Widow Mine  
  155  9:47  Medivac, Marine  
  155  9:50  Supply Depot  
  155  9:51  Enhanced Shockwaves, Supply Depot  
  160  9:54  Ghost  
  157  10:05  Ghost x2  
  157  10:06  Marine x3  
  151  10:07  Widow Mine  
  151  10:08  SCV, Widow Mine  
  151  10:09  Marine  
  155  10:23  Marine  
  155  10:24  SCV, Marine x2  
  155  10:25  SCV  
  160  10:29  Marine  
  160  10:31  Widow Mine x2  
  160  10:33  Liberator  
  160  10:34  Marauder  
  170  10:36  Barracks  
  170  10:38  Barracks  
  170  10:39  Barracks, Liberator  
  170  10:40  SCV, Marine  
  170  10:41  Marauder  
  173  10:50  Terran Infantry Weapons Level 3, Marine  
  173  10:52  Widow Mine  
  173  10:55  Widow Mine  
  178  10:58  SCV  
  171  11:04  Ghost  
  171  11:05  Marine x2  
  171  11:06  Marauder x2  
  171  11:08  Marine  
  171  11:11  Marine  
  181  11:21  Planetary Fortress  
  181  11:23  Widow Mine x2, Marine x2  
  185  11:26  Marine  
  176  11:34  Marine  
  176  11:35  SCV, Marauder, Marine  
  176  11:38  SCV  
  176  11:39  Marine  
  181  11:41  Barracks Reactor, Barracks Tech Lab x2  
  181  11:43  SCV  
  180  11:53  Marauder, Marine x2  
  174  11:55  SCV x2  
  174  11:57  Marauder  
  174  12:00  Widow Mine x2  
  179  12:04  Marauder, Marine x2  
  179  12:08  Medivac x2  
  187  12:12  SCV  
  175  12:27  Marauder, Marine x2  
  174  12:31  Widow Mine x2  
  174  12:32  Marine x2  
  174  12:34  Marine  
  174  12:35  Marauder  
  182  12:38  Medivac  
  182  12:39  Ghost  
  176  12:44  SCV  
  176  12:45  Marine  
  176  12:47  SCV x2  
  176  12:48  Missile Turret  
  176  12:49  Marine  
  176  12:51  SCV  
  176  12:52  Marine  
  176  12:53  Marauder, Marine  
  176  12:55  Medivac, Widow Mine x2  
  183  12:59  Marine x2  
  183  13:00  Marauder  
  183  13:02  Ghost x2  
  189  13:06  Command Center  
  189  13:07  SCV  
  186  13:17  SCV, Marine  
  186  13:18  Marauder  
  171  13:23  Medivac, Marine x2  
  171  13:25  Medivac  
  172  13:32  SCV  
  172  13:36  Ghost  
  172  13:42  Ghost  
  165  13:50  Marine  
Show
View Real Time Build Order
Export as new Build Order

Cyan Protoss 

Build Orders: 1 Gate Expand, Oracle Opening, Zealot Archon 

Get SALT Encoding   

  12  0:00  Probe  
  13  0:12  Probe  
  14  0:18  Pylon  
  14  0:24  Probe  
  15  0:32  Probe  
  15  0:37  Gateway  
  15  0:40  Probe  
  16  0:47  Assimilator  
  17  0:51  Probe  
  18  1:03  Probe  
  19  1:15  Probe  
  20  1:24  Cybernetics Core  
  20  1:32  Nexus  
  20  1:36  Probe  
  21  1:42  Pylon  
  21  1:48  Probe  
  21  1:50  Adept  
  21  1:51  Assimilator  
  22  2:00  Probe  
  25  2:03  Warp Gate  
  25  2:12  Probe  
  25  2:13  Stalker  
  28  2:24  Probe  
  29  2:36  Probe  
  30  2:43  Stalker  
  30  2:44  Shield Battery  
  30  2:45  Probe  
  30  2:48  Probe  
  34  2:56  Probe  
  35  3:00  Probe, Stargate  
  35  3:04  Probe  
  36  3:12  Probe x2  
  38  3:16  Gateway  
  39  3:25  Probe  
  39  3:26  Probe  
  41  3:27  Gateway  
  41  3:32  Pylon  
  41  3:33  Oracle  
  41  3:37  Probe  
  41  3:38  Probe  
  43  3:44  Pylon  
  46  3:52  Probe  
  46  3:53  Stalker  
  49  3:55  Probe  
  49  4:00  Pylon  
  49  4:02  Phoenix  
  50  4:04  Probe  
  50  4:08  Probe  
  52  4:13  Assimilator  
  52  4:15  Assimilator  
  54  4:17  Probe  
  54  4:19  Pylon  
  54  4:24  Stalker x2, Phoenix  
  54  4:27  Probe  
  57  4:34  Probe  
  60  4:39  Probe  
  61  4:46  Probe, Robotics Facility  
  61  4:51  Probe  
  63  4:58  Probe  
  64  5:03  Probe, Pylon  
  65  5:12  Probe, Forge  
  65  5:14  Twilight Council  
  66  5:15  Probe, Sentry x2, Pylon  
  71  5:24  Probe  
  71  5:27  Observer  
  71  5:28  Probe  
  73  5:32  Protoss Ground Armor Level 1  
  71  5:36  Probe  
  71  5:37  Gateway  
  71  5:40  Gateway  
  71  5:41  Charge  
  71  5:42  Gateway  
  72  5:45  Pylon  
  72  5:53  Observer  
  72  6:04  Gateway  
  72  6:06  Gateway  
  72  6:09  Pylon, Templar Archives  
  72  6:16  Nexus  
  69  6:25  Immortal  
  69  6:26  Probe x2  
  69  6:30  Gateway  
  69  6:31  Pylon  
  71  6:38  Probe  
  76  6:44  Zealot x2  
  80  6:49  High Templar x2  
  80  6:51  Probe  
  85  6:55  Immortal  
  85  6:57  Archon, Zealot  
  85  6:58  Zealot  
  89  7:01  Probe  
  89  7:03  Probe  
  95  7:13  Probe  
  95  7:15  Probe  
  97  7:16  Pylon  
  97  7:23  High Templar, Protoss Ground Weapons Level 1  
  97  7:24  Zealot x2, High Templar  
  97  7:25  Probe  
  97  7:26  Warp Prism  
  97  7:27  Probe  
  97  7:29  Probe, Archon  
  110  7:37  Probe  
  110  7:40  Blink  
  111  7:44  Probe x2  
  111  7:47  Zealot x2  
  111  7:50  Probe  
  118  7:54  Pylon  
  118  7:56  Probe  
  119  8:02  Assimilator  
  119  8:06  Assimilator  
  119  8:08  Robotics Bay  
  119  8:10  Robotics Facility  
  119  8:20  Stalker x3  
  119  8:22  Observer  
  119  8:23  Probe  
  119  8:24  Shield Battery  
  126  8:28  Stalker  
  126  8:29  Observer  
  129  8:44  Nexus  
  129  8:46  Pylon  
  129  8:55  Observer  
  121  9:04  Disruptor  
  121  9:07  Zealot x3  
  121  9:08  Zealot x6  
  121  9:09  Disruptor  
  135  9:22  Protoss Ground Weapons Level 2  
  133  9:25  Probe  
  133  9:29  Sentry x2, Zealot x3  
  133  9:30  Probe, Pylon  
  145  9:33  Forge  
  141  9:39  Probe, Disruptor  
  141  9:43  Protoss Ground Armor Level 2  
  141  9:44  Zealot, Disruptor  
  141  9:45  Zealot x3  
  152  10:06  Stalker x3  
  152  10:07  Probe x4, Disruptor  
  152  10:14  Stalker x5  
  152  10:19  Disruptor  
  165  10:28  Zealot  
  170  10:32  Zealot x2, Gravitic Drive  
  170  10:33  Zealot  
  173  10:44  Zealot x3  
  173  10:48  Dark Shrine  
  179  10:52  Assimilator x2  
  179  10:53  Pylon  
  179  10:54  Pylon  
  179  10:56  Disruptor  
  180  11:09  Warp Prism  
  180  11:22  Warp Prism  
  180  11:34  Gateway  
  180  11:37  Gateway  
  180  11:41  Gateway  
  180  11:43  Zealot  
  180  11:45  Probe x2  
  174  11:47  Gateway  
  174  11:49  Gateway  
  152  12:02  Zealot x4  
  152  12:03  Zealot x3  
  152  12:04  Zealot x2  
  166  12:24  Zealot x4  
  166  12:27  Shadow Stride  
  170  12:30  Nexus  
  170  12:33  Nexus  
  170  12:42  Stalker x5  
  169  12:48  Stalker x2  
  169  12:49  Stalker x2  
  156  13:02  Disruptor x2  
  156  13:15  Zealot  
  156  13:16  Zealot x3  
  140  13:21  Dark Templar  
  118  13:27  Dark Templar x2  
Tags
 
Add a new tag
Caveats
  • Supply blocks, unpowered buildings, or Contaminate may cause inaccurate times.
  • Supply counts are checked every 10 seconds.